 Dungeon Crawl Stone Soup version 0.27-a0-1228-gfd60fd639a (webtiles) character file.

Game seed: 10111828901398938615

628 bande the Chopper (level 7, -3/44 HPs)
             Began as a Gargoyle Fighter on June 8, 2021.
             Slain by Dowan
             ... wielding a +0 dagger
              (4 damage)
             ... on level 4 of the Dungeon.
             The game lasted 00:06:53 (4341 turns).

bande the Chopper (Gargoyle Fighter)                Turns: 4341, Time: 00:06:53

Health: -3/44      AC: 19    Str: 20    XL:     7   Next: 48%
Magic:  7/7        EV:  6    Int:  9    God:
Gold:   925        SH: 10    Dex: 12    Spells: 6/6 levels left

rFire    . . .     SeeInvis .   a - +0 war axe
rCold    . . .     Faith    .   c - +0 kite shield
rNeg     + . .     Spirit   .   n - +0 chain mail
rPois    ∞         Reflect  .   (no helmet)
rElec    +         Harm     .   j - +0 cloak
rCorr    .         Rampage  .   i - +2 pair of gloves
Will     .....                  (no boots)
Stlth    ..........             (no amulet)
HPRegen  0.14/turn              (no ring)
MPRegen  0.10/turn              (no ring)

@: hasted (expiring), very quick
A: sickness immunity, AC +4, negative energy resistance 1, electricity
resistance, torment resistance 1, petrification resistance, agile 1
a: no special abilities


You were on level 4 of the Dungeon.
You visited 1 branch of the dungeon, and saw 4 of its levels.

You collected 925 gold pieces.

Inventory:

Hand Weapons
 a - a +0 war axe (weapon)
 k - a +0 mace
 m - a +0 flail of holy wrath
Armour
 c - a +0 kite shield (worn)
 i - a +2 pair of gloves (worn)
 j - a +0 cloak (worn)
 n - a +0 chain mail (worn)
Scrolls
 d - a scroll of teleportation
 e - 2 scrolls of vulnerability {unknown}
 f - a scroll of identify
 g - a scroll of summoning {unknown}


   Skills:
 + Level 4.6 Fighting
 + Level 5.0 Axes
 + Level 5.0 Armour
 + Level 1.3 Dodging
 + Level 4.7 Shields


You had 6 spell levels left.
You didn't know any spells.
Your spell library contained the following spells:

 Spells                   Type           Power      Damage    Failure   Level
 Corona                   Hex            0%         N/A       100%        1
 Ensorcelled Hibernation  Hex/Ice        0%         N/A       100%        2
 Confusing Touch          Hex            0%         N/A       100%        3
 Dazzling Flash           Conj/Hex       0%         N/A       100%        3
 Tukima's Dance           Hex            0%         N/A       100%        3


Dungeon Overview and Level Annotations

Branches:
Dungeon (4/15)
 Temple: D:4-7

Altars:
Dithmenos
Xom

Annotations:
D:4 Dowan


Innate Abilities, Weirdness & Mutations

You are immune to sickness and miasma.
Your stone body is resilient. (AC +4)
You are immune to poison.
You resist negative energy. (rN+)
You are resistant to electric shocks. (rElec)
You are resistant to unholy torment.
You are immune to petrification.
You are agile. (Dex +2)


Message History

You hit the hobgoblin but do no damage. Dowan hits you but does no damage.
You block the hobgoblin's attack.
You barely miss Dowan.
Dowan is almost dead.
You completely miss the hobgoblin.
Dowan points at you and mumbles some strange words.
The shard of ice hits you. Dowan hits you with a +0 dagger.
* * * LOW HITPOINT WARNING * * *
The hobgoblin hits you with a +0 long sword.
* * * LOW HITPOINT WARNING * * *
You miss Dowan.
Dowan is almost dead.
You hit the hobgoblin but do no damage. You block Dowan's attack.
You block the hobgoblin's attack.
You closely miss Dowan.
Dowan is almost dead.
Your chain mail prevents you from hitting the hobgoblin.
Dowan mumbles some strange words.
Dowan blinks!
Dowan mumbles some strange words.
Dowan blinks!
You block the hobgoblin's attack.
You closely miss the hobgoblin.
The hobgoblin hits you but does no damage.
Dowan points at you and mumbles some strange words.
The stone arrow hits you.
* * * LOW HITPOINT WARNING * * *
Dowan casts a spell at you. The stone arrow misses you.
The stone arrow hits the hobgoblin!
The hobgoblin dies!
Unknown command.
Dowan hits you with a +0 dagger.
* * * LOW HITPOINT WARNING * * *
You miss Dowan.
Dowan is almost dead.
Dowan barely misses you. Dowan hits you but does no damage.
Your extra speed is starting to run out.
Your chain mail prevents you from hitting Dowan.
Dowan is almost dead.
Dowan hits you with a +0 dagger.
You die...

.........>........ .####.....#
..........#######. ..........(#
.....#.............####^####..#
.....#.##.########.# ..... #..#
...................#.......#..#
......##.#######..#.......#..#
.##..##..))......^..._...^.##
#..............#.......#.#
...........@....# ......#.#
##.........e....# ..... #.#
#..............####^####.#
#.>......................#
#.#####################.## #.
#.# #†# #.# #.#


You could see Dowan (fast).

Vanquished Creatures
  Edmund (D:4)
  Duvessa (D:4)
  A phantom (D:4)
  An orc priest (D:3)
  Crazy Yiuf (D:3)
  2 iguanas
  3 orc wizards
  7 adders
  A dart slug (D:1)
  10 orcs
  4 ball pythons
  7 bats
  5 endoplasms
  5 giant cockroaches
  7 goblins
  3 hobgoblins
  4 jackals (D:3)
  7 kobolds
  5 quokkas
  5 frilled lizards
  3 rats (D:1)
83 creatures vanquished.

Vanquished Creatures (others)
  A hobgoblin (D:4)
1 creature vanquished.

Grand Total: 84 creatures vanquished

Notes
Turn   | Place    | Note
-------+----------+-------------------------------------------
     0 | D:1      | bande the Gargoyle Fighter began the quest for the Orb.
     0 | D:1      | Reached XP level 1. HP: 14/14 MP: 1/1
   166 | D:1      | Reached XP level 2. HP: 17/19 MP: 2/2
   355 | D:1      | Identified a scroll of acquirement
   355 | D:1      | Acquired 827 gold pieces
   713 | D:1      | Reached XP level 3. HP: 24/24 MP: 3/3
   884 | D:1      | Found a faded altar of an unknown god.
  1514 | D:2      | Reached XP level 4. HP: 28/29 MP: 4/4
  1880 | D:2      | Gained mutation: You sometimes lose the ability to read
                  | scrolls when taking damage. [potion of mutation]
  1880 | D:2      | Gained mutation: Your flesh is heat resistant. (rF+)
                  | [potion of mutation]
  1881 | D:2      | Lost mutation: You sometimes lose the ability to read
                  | scrolls when taking damage. [potion of mutation]
  1881 | D:2      | Lost mutation: Your flesh is heat resistant. (rF+) [potion
                  | of mutation]
  1881 | D:2      | Gained mutation: You are agile. (Dex +2) [potion of
                  | mutation]
  2166 | D:2      | Found a shadowy altar of Dithmenos.
  2465 | D:3      | Reached XP level 5. HP: 29/33 MP: 5/5
  2796 | D:3      | Found a runed translucent door.
  2797 | D:3      | Noticed Crazy Yiuf
  2838 | D:3      | Reached XP level 6. HP: 35/38 MP: 6/6
  3445 | D:3      | Killed Crazy Yiuf
  3877 | D:4      | Noticed Edmund
  3911 | D:4      | Killed Edmund
  3912 | D:4      | Reached skill level 1 in Dodging
  4196 | D:4      | Reached XP level 7. HP: 41/44 MP: 7/7
  4221 | D:4      | Found a shimmering altar of Xom.
  4287 | D:4      | Noticed Duvessa
  4287 | D:4      | Noticed Dowan
  4327 | D:4      | Killed Duvessa
  4328 | D:4      | Reached skill level 5 in Axes
  4328 | D:4      | Reached skill level 5 in Armour
  4336 | D:4      | HP: 2/44 [Dowan/stone arrow (6)]
  4341 | D:4      | Slain by Dowan

Illustrated notes

Levels and vault maps discovered:
D:1:      kilobyte_arrival_exit_the_forest, layout_loops_ring,
          ebering_ecumenical_altar_rust, minmay_tetromino_s2
D:2:      layout_basic, basic_altar, grunt_ministairs_15
D:3:      layout_basic, uniq_crazy_yiuf_cottage
D:4:      layout_basic, lemuel_tele_altar, gammafunk_ghost_grave, uniq_edmund,
          uniq_duvessa

Skill      XL: |  1  2  3  4  5  6  7 |
---------------+----------------------+-----
Axes           | 2 3 4 5 |  5.0
Armour         | 4 5 |  5.0
Shields        | 4 |  4.7
Fighting       | 4 |  4.6
Dodging        | 1 |  1.3

Action                   |  1- 3 |  4- 6 |  7- 9 || total
-------------------------+-------+-------+-------++-------
Melee: War axe           |   121 |   151 |    41 ||   313
  Use: Scroll            |     3 |       |       ||     3
       Potion            |       |     5 |     4 ||     9
Armor: Scale mail        |    72 |    65 |       ||   137
       Chain mail        |       |     8 |    31 ||    39
Dodge: Dodged            |    44 |    47 |    12 ||   103
Block: Kite shield       |    69 |    76 |    30 ||   175

Table legend: (Time is in decaauts)
 A = Elapsed time spent in this place.
 B = Non-inter-level travel time spent in this place.
 C = Inter-level travel time spent in this place.
 D = Time resting spent in this place.
 E = Time spent auto-exploring this place.
 F = Levels seen in this place.
 G = Mean time per level.
                   A        B        C        D        E       F      G
               +--------+--------+--------+--------+--------+-----+--------+
         Total |   4514 |   4398 |    116 |    538 |   3112 |   4 | 1128.5 |
       Dungeon |   4514 |   4398 |    116 |    538 |   3112 |   4 | 1128.5 |
               +--------+--------+--------+--------+--------+-----+--------+

Top non-repeatable levels by time:
     D:3: 1461 daAuts
     D:1: 1381 daAuts
     D:2: 1141 daAuts
     D:4: 529 daAuts
